 Dungeon Crawl Stone Soup version 0.29-a0-283-ga02f740833 (webtiles) character file.

Game seed: 8340097796844991749

6829 Cecur the Cleaver (level 11, -10/77 HPs)
             Began as a Formicid Fighter on Mar 14, 2022.
             Was a High Priest of Hepliaklqana.
             Mangled by a two-headed ogre
             ... wielding a +0 giant club
              (19 damage)
             ... on level 9 of the Dungeon.
             The game lasted 00:20:15 (10974 turns).

Cecur the Cleaver (Formicid Fighter)               Turns: 10974, Time: 00:20:16

Health: -10/77     AC: 21    Str: 25    XL:     11   Next: 25%
Magic:  11/11      EV:  8    Int:  8    God:    Hepliaklqana [*****.]
Gold:   453        SH:  5    Dex: 10    Spells: 10/10 levels left

rFire   . . .      SeeInvis +   v - +4 war axe (flame)
rCold   . . .      Faith    .   c - +0 buckler
rNeg    . . .      Spirit   .   x - +0 plate armour
rPois   .          Reflect  .   (helmet unavailable)
rElec   .          Harm     .   (no cloak)
rCorr   .          Rampage  .   u - +2 pair of gloves
Will    +....                   (no boots)
Stlth   ..........              (no amulet)
HPRegen 0.22/turn               h - +4 ring of protection
MPRegen 0.12/turn               (no ring)

@: no status effects
A: reduced essence, permanent stasis, dig shafts and tunnels, antennae 3, four
strong arms
a: Dig, Shaft Self, Renounce Religion, Recall Ancestor, Ancestor Identity,
Transference, Idealise


You were on level 9 of the Dungeon.
You worshipped Hepliaklqana.
Hepliaklqana was extremely pleased with you.
You visited 1 branch of the dungeon, and saw 9 of its levels.

You collected 453 gold pieces.

Inventory:

Hand Weapons
 a - a +0 trident of venom
 v - a +4 war axe of flaming (weapon)
Armour
 b - a +0 scale mail
 c - a +0 buckler (worn)
 u - a +2 pair of gloves (worn)
 x - a +0 plate armour (worn)
Jewellery
 g - a +6 ring of intelligence
 h - a +4 ring of protection (left hand)
Wands
 d - a wand of charming (6)
 o - a wand of digging (6)
 t - a wand of iceblast (7)
Scrolls
 k - 4 scrolls of identify
 m - 2 scrolls of fog
 s - 2 scrolls of amnesia
Potions
 e - 3 potions of mutation
 f - 2 potions of magic
 i - 3 potions of attraction
 j - a potion of haste
 l - 2 potions of lignification
 n - 3 potions of heal wounds
 p - 4 potions of brilliance
 q - a potion of curing
 w - a potion of resistance


   Skills:
 + Level 7.8 Fighting
 + Level 10.1(10.5) Axes
 + Level 4.2(7.7) Polearms
 + Level 9.6 Armour
 + Level 2.8 Dodging
 - Level 5.0 Stealth
 + Level 6.6 Shields


You had 10 spell levels left.
You didn't know any spells.
Your spell library contained the following spells:

 Spells                   Type           Power      Damage    Failure   Level
 Apportation              Tloc           0%         N/A       99%         1
 Foxfire                  Conj/Fire      0%         2x1d4     99%         1
 Summon Small Mammal      Summ           0%         N/A       99%         1
 Call Canine Familiar     Summ           0%         N/A       100%        3
 Conjure Flame            Conj/Fire      0%         6-21      100%        3
 Frozen Ramparts          Ice            0%         1d2       100%        3
 Gell's Gravitas          Tloc           0%         N/A       100%        3
 Inner Flame              Hex/Fire       0%         N/A       100%        3
 Summon Guardian Golem    Hex/Summ       0%         N/A       100%        3
 Teleport Other           Tloc           0%         N/A       100%        3
 Animate Dead             Necr           0%         N/A       100%        4
 Flame Wave               Conj/Fire      0%         2d4       100%        4
 Ice Form                 Ice/Tmut       0%         N/A       100%        4
 Passage of Golubria      Tloc           0%         N/A       100%        4
 Summon Ice Beast         Ice/Summ       0%         N/A       100%        4
 Alistair's Intoxication  Tmut/Pois      0%         N/A       100%        5
 Borgnjor's Vile Clutch   Necr/Erth      0%         N/A       100%        5
 Silence                  Hex/Air        0%         N/A       100%        5
 Summon Mana Viper        Hex/Summ       0%         N/A       100%        5
 Death Channel            Necr           0%         N/A       100%        6
 Dispersal                Tloc           0%         N/A       100%        6
 Monstrous Menagerie      Summ           0%         N/A       100%        7
 Lehudib's Crystal Spear  Conj/Erth      0%         10d2      100%        8


Dungeon Overview and Level Annotations

Branches:
Dungeon (9/15)             Temple (0/1) D:6            Lair (0/6) D:8
    Orc: D:9-12

Altars:
Cheibriados
Hepliaklqana
Kikubaaqudgha
Makhleb
Nemelex Xobeh
Ru
Sif Muna
Trog
The Shining One

Shops:
D:1 !   D:8 =


Innate Abilities, Weirdness & Mutations

Your life essence is reduced to manifest your ancestor. (-10% HP)
You cannot be hasted, slowed, berserked, paralysed or teleported.
You can dig through walls and to a lower floor.
You have a pair of large antennae on your head. (SInv)
Your four strong arms can wield two-handed weapons with a shield.


Message History

You hit the two-headed ogre. You burn the two-headed ogre.
Kammani hits the orc warrior with a +0 dagger of draining.
The orc warrior hits Kammani with a +0 long sword!
Unknown command.
You barely miss the orc warrior.
The orc warrior is almost dead.
You slash the two-headed ogre! You burn the two-headed ogre.
The two-headed ogre hits you with a +0 giant club!!
The two-headed ogre hits you but does no damage.
Kammani hits the orc warrior but does no damage.
The orc warrior hits Kammani with a +0 long sword!
You are too injured to fight recklessly!
You hit the two-headed ogre. You burn the two-headed ogre.
The two-headed ogre is moderately wounded.
You strike the helpless orc warrior from behind!
You hit the orc warrior but do no damage.
Kammani hits the orc warrior but does no damage.
The orc warrior hits you with a +0 long sword!
* * * LOW HITPOINT WARNING * * *
The two-headed ogre hits you but does no damage.
You block the two-headed ogre's attack.
You hit the two-headed ogre. You burn the two-headed ogre.
The two-headed ogre is heavily wounded.
You hit the orc warrior but do no damage.
Kammani hits the orc warrior with a +0 dagger of draining.
The orc warrior dies!
Unknown command.
You slash the two-headed ogre! You burn the two-headed ogre.
The two-headed ogre is severely wounded.
The two-headed ogre hits you but does no damage.
The two-headed ogre hits you with a +0 great mace!
* * * LOW HITPOINT WARNING * * *
Kammani hits the two-headed ogre with a +0 dagger of draining.
Kammani drains the two-headed ogre.
You completely miss the two-headed ogre.
The two-headed ogre is severely wounded.
Kammani hits the two-headed ogre with a +0 dagger of draining.
Kammani drains the two-headed ogre.
The two-headed ogre hits you with a +0 giant club!!
You die...

#.......# #..# #.......#
#..######.### #.......#
#.....).....#
##############...####.....
.<).......# # .#)
..........# ..
..........#.###
######.........
#....@!..#### #...)RO)..#
............#
........#..## ../.../....#
.....#####.# ..... ..
..... ...


You could see the friendly Kammani the hexer and a two-headed ogre (drained,
ally target).

Vanquished Creatures
  Erica (D:8)
  A gargoyle (D:7)
  A hornet (D:8)
  A wyvern (D:7)
  3 steam dragons
  A basilisk (D:7)
  A water moccasin (D:9)
  Duvessa (D:4)
  An ice beast (D:7)
  2 sky beasts
  An ogre (D:6)
  4 kobold brigands
  3 bullfrogs
  3 necrophages (D:8)
  3 scorpions
  10 wights
  Dowan (D:4)
  6 killer bees (D:8)
  A howler monkey (D:4)
  An electric eel (D:7)
  2 jellies
  2 hounds
  2 orc priests (D:9)
  Terence (D:3)
  Natasha (twice) (D:3)
  7 orc wizards
  A mummy (D:8)
  5 adders
  A white imp (D:6)
  A worm (D:2)
  11 dart slugs
  15 orcs
  6 endoplasms
  4 giant cockroaches
  2 goblins
  10 hobgoblins
  5 jackals
  29 kobolds
  3 quokkas
  9 ball pythons
  3 bats (D:2)
  A frilled lizard (D:3)
  10 rats
178 creatures vanquished.

Vanquished Creatures (collateral kills)
  A two-headed ogre (D:7)
  An elephant (D:7)
  A basilisk (D:7)
  3 wyverns (D:7)
  A water moccasin (D:7)
  An orc warrior (D:9)
  A centaur (D:9)
  A bullfrog (D:8)
  A necrophage (D:7)
  A scorpion (D:4)
  A wight (D:9)
  An electric eel (D:7)
  Jessica (D:3)
  An iguana (D:5)
  4 adders
  A worm (D:2)
  A dart slug (D:7)
  2 orcs
  A giant cockroach (D:3)
  A goblin (D:4)
  3 hobgoblins
  A jackal (D:5)
  8 kobolds
  A quokka (D:3)
39 creatures vanquished.

Vanquished Creatures (others)
  6 hexers
  An ancestor (D:1)
  3 fungi
  15 plants (D:4)
  5 withered plants
30 creatures vanquished.

Grand Total: 247 creatures vanquished

Notes
Turn   | Place    | Note
-------+----------+-------------------------------------------
     0 | D:1      | Cecur the Formicid Fighter began the quest for the Orb.
     0 | D:1      | Reached XP level 1. HP: 18/18 MP: 1/1
   300 | D:1      | Found a faded altar of an unknown god.
   313 | D:1      | Prayed at the altar of an unknown god.
   313 | D:1      | Became a worshipper of Hepliaklqana the Forgotten
   313 | D:1      | Reached * piety under Hepliaklqana
   325 | D:1      | Reached XP level 2. HP: 21/21 MP: 2/2
   382 | D:1      | You fall into a shaft and drop 1 floor!
   828 | D:1      | Reached XP level 3. HP: 26/26 MP: 3/3
   902 | D:1      | Found Qukhauqe's Distillery.
  1033 | D:1      | Reached ** piety under Hepliaklqana
  1034 | D:1      | Remembered your ancestor Kammani as a hexer
  1567 | D:2      | Reached XP level 4. HP: 33/33 MP: 4/4
  1995 | D:3      | Noticed Terence
  2007 | D:3      | Killed Terence
  2137 | D:3      | Noticed Natasha
  2142 | D:3      | Killed Natasha
  2143 | D:3      | Reached XP level 5. HP: 37/37 MP: 5/5
  2183 | D:3      | Reached skill level 1 in Stealth
  2407 | D:3      | Noticed Natasha
  2412 | D:3      | Killed Natasha
  2468 | D:3      | Noticed Jessica
  2475 | D:3      | Killed Jessica
  2476 | D:3      | Reached XP level 6. HP: 22/43 MP: 6/6
  2876 | D:3      | Reached *** piety under Hepliaklqana
  3199 | D:4      | Noticed Duvessa
  3199 | D:4      | Noticed Dowan
  3204 | D:4      | Killed Duvessa
  3205 | D:4      | Reached skill level 1 in Axes
  3213 | D:4      | Killed Dowan
  3214 | D:4      | Reached skill level 2 in Axes
  3214 | D:4      | Reached XP level 7. HP: 19/48 MP: 7/7
  3398 | D:4      | Found an ancient bone altar of Kikubaaqudgha.
  3419 | D:4      | Reached skill level 5 in Armour
  3419 | D:4      | Reached skill level 1 in Dodging
  3739 | D:4      | Reached skill level 3 in Axes
  4283 | D:5      | Entered Level 5 of the Dungeon
  4365 | D:5      | Reached XP level 8. HP: 46/54 MP: 8/8
  4476 | D:5      | Reached **** piety under Hepliaklqana
  5030 | D:6      | Found a staircase to the Ecumenical Temple.
  5101 | D:6      | Reached skill level 4 in Axes
  6249 | D:7      | Noticed a wyvern
  6249 | D:7      | Found a glowing golden altar of the Shining One.
  6252 | D:7      | Killed a wyvern
  6253 | D:7      | Reached skill level 5 in Fighting
  6285 | D:7      | Reached skill level 5 in Axes
  6605 | D:7      | Reached XP level 9. HP: 41/61 MP: 9/9
  6733 | D:7      | Found a bloodstained altar of Trog.
  6784 | D:7      | Noticed a gargoyle
  6813 | D:7      | Killed a gargoyle
  6814 | D:7      | Reached skill level 6 in Axes
  6814 | D:7      | Reached skill level 5 in Shields
  7159 | D:7      | Found a sacrificial altar of Ru.
  7166 | D:7      | Found a snail-covered altar of Cheibriados.
  7171 | D:7      | Found a sparkling altar of Nemelex Xobeh.
  7434 | D:8      | Found Yranac's Jewellery Shoppe.
  7445 | D:8      | Noticed an elephant
  7446 | D:8      | Found a staircase to the Lair.
  7676 | D:7      | Reached skill level 7 in Axes
  7677 | D:7      | Killed an elephant
  7687 | D:7      | Reached XP level 10. HP: 33/68 MP: 10/10
  7924 | D:8      | Noticed a two-headed ogre
  7957 | D:8      | HP: 3/68 [water moccasin (6)]
  8224 | D:8      | Noticed Erica
  8493 | D:7      | Killed a two-headed ogre
  8494 | D:7      | Reached skill level 8 in Axes
  9306 | D:8      | Killed Erica
  9668 | D:8      | Reached ***** piety under Hepliaklqana
  9778 | D:8      | Reached skill level 9 in Axes
  9778 | D:8      | Reached skill level 5 in Stealth
  9840 | D:8      | Found a burning altar of Makhleb.
  9947 | D:8      | Reached XP level 11. HP: 75/75 MP: 11/11
 10108 | D:8      | Found a shimmering blue altar of Sif Muna.
 10963 | D:9      | Noticed a two-headed ogre
 10968 | D:9      | Reached skill level 10 in Axes
 10974 | D:9      | Mangled by a two-headed ogre

Illustrated notes

Levels and vault maps discovered:
D:1:      shiori_shiawase, layout_basic, chequers_ecumenical_altar_island,
          serial_shops, shop_statue, minmay_rat_gold_closets
D:2:      layout_basic, minmay_circled_x
D:3:      layout_basic, uniq_jessica, uniq_terence, uniq_natasha
D:4:      kennysheep_kobold_camp, layout_gridville, kiku_gazebo_garden_becter,
          minmay_pentangle, uniq_duvessa
D:5:      layout_basic
D:6:      layout_layer_cave, temple_statues
D:7:      kennysheep_slugbush, layout_cave_pools, mainiacjoe_overflow_boulevard,
          mainiacjoe_overflow_24_doors, minmay_overflow_temple_star_quad,
          minmay_misc_feat_doors, minmay_microvault
D:8:      layout_cave_pools, lemuel_blue_sif_altar, mainiacjoe_overflow_catwalk,
          david_lair_generic, serial_undead, serial_undead_c, serial_undead_f,
          serial_undead_b, serial_undead_c, serial_undead_b, serial_undead_a,
          serial_shops, shop, uniq_erica
D:9:      layout_basic, nicolae_figureground_pulse

Skill      XL: |  1  2  3  4  5  6  7  8  9 10 11 |
---------------+----------------------------------+-----
Shields        | 4 5 6 |  6.6
Armour         | 4 5 6 7 9 |  9.6
Polearms       | 3 4 |  4.2
Stealth        | 1 2 4 5 |  5.0
Fighting       | 4 5 6 7 |  7.8
Axes           | 2 3 5 7 9 10 | 10.1
Dodging        | 1 2 |  2.8

Action                   |  1- 3 |  4- 6 |  7- 9 | 10-12 || total
-------------------------+-------+-------+-------+-------++-------
Melee: Trident           |    91 |    75 |       |       ||   166
       War axe           |       |    27 |   170 |   152 ||   349
Invok: Recall Ancestor   |     1 |     1 |       |     1 ||     3
       Ancestor Life: He |     1 |       |       |       ||     1
 Abil: Dig               |       |     2 |       |       ||     2
  Use: Scroll            |       |    17 |     7 |     2 ||    26
       Potion            |       |     1 |     5 |     2 ||     8
 Stab: Distracted        |     1 |       |     2 |     2 ||     5
       Confused          |       |     2 |     4 |     1 ||     7
Armor: Scale mail        |    26 |    41 |    78 |       ||   145
       Plate armour      |       |       |       |   127 ||   127
Dodge: Dodged            |    26 |    49 |    84 |    49 ||   208
Block: Buckler           |    19 |    11 |    22 |    36 ||    88

Table legend: (Time is in decaauts)
 A = Elapsed time spent in this place.
 B = Non-inter-level travel time spent in this place.
 C = Inter-level travel time spent in this place.
 D = Time resting spent in this place.
 E = Time spent auto-exploring this place.
 F = Levels seen in this place.
 G = Mean time per level.
                   A        B        C        D        E       F      G
               +--------+--------+--------+--------+--------+-----+--------+
         Total |  11095 |  10839 |    256 |   2231 |   6762 |   9 | 1232.8 |
       Dungeon |  11095 |  10839 |    256 |   2231 |   6762 |   9 | 1232.8 |
               +--------+--------+--------+--------+--------+-----+--------+

Top non-repeatable levels by time:
     D:7: 2605 daAuts
     D:6: 1475 daAuts
     D:8: 1412 daAuts
     D:4: 1277 daAuts
     D:3: 1080 daAuts
     D:2: 1033 daAuts
     D:1: 961 daAuts
     D:5: 727 daAuts
     D:9: 522 daAuts
